Map: Habitation Station LE (Void)

Players

Jasper - Winner!

  • Race: Zerg Zerg
  • League: Platinum
  • Spawn Location: 1:00

Fropez

  • Race: Protoss Protoss
  • League: Gold
  • Spawn Location: 11:00

VOD

Have the link to the VOD?

Description

Time

  • Played on: Jan. 3, 2017, 1:22 p.m.
  • Length: 20:17
Show
View Real Time Build Order
Export as new Build Order

Jasper Zerg - Winner!

Build Orders: Hatch First, Lurkers 

Get SALT Encoding   

  12  0:02  Drone  
  13  0:12  Drone  
  14  0:20  Overlord  
  14  0:35  Extractor, Drone  
  14  0:42  Drone x2  
  17  0:54  Hatchery  
  16  0:59  Drone x2  
  18  1:04  Extractor  
  17  1:16  Spawning Pool  
  16  1:19  Drone  
  17  1:31  Drone x2  
  19  1:41  Drone  
  20  1:55  Overlord  
  20  2:07  Queen  
  22  2:09  Metabolic Boost  
  22  2:10  Queen  
  22  2:12  Zergling x4  
  26  2:16  Zergling x2  
  26  2:21  Drone  
  28  2:24  Drone  
  29  2:35  Drone x2  
  31  2:41  Drone  
  32  2:48  Queen  
  32  2:49  Evolution Chamber  
  33  2:53  Queen  
  35  2:59  Drone  
  35  3:03  Spore Crawler  
  36  3:05  Drone  
  36  3:08  Overlord  
  35  3:31  Queen  
  37  3:42  Zerg Melee Weapons Level 1  
  37  3:43  Drone  
  37  3:44  Drone x5  
  43  3:48  Extractor  
  43  3:51  Lair  
  42  3:58  Extractor  
  41  4:07  Pneumatized Carapace  
  41  4:10  Drone x2  
  41  4:13  Overlord x2  
  43  4:32  Drone x4  
  43  4:33  Drone  
  48  4:42  Hatchery  
  47  4:50  Drone x6  
  53  5:08  Zergling x2  
  53  5:09  Zergling x6  
  55  5:32  Spine Crawler  
  54  5:35  Overlord x2  
  54  5:42  Baneling Nest  
  54  5:44  Zerg Melee Weapons Level 2  
  54  5:47  Zergling x10  
  54  5:58  Queen  
  54  6:03  Zergling x12  
  54  6:04  Zergling x4  
  64  6:27  Queen  
  64  6:28  Drone  
  64  6:29  Drone x8  
  64  6:30  Drone  
  64  6:32  Centrifical Hooks  
  76  6:41  Overseer  
  76  6:45  Overlord  
  76  6:50  Overseer  
  76  6:53  Overseer  
  76  7:06  Drone  
  76  7:07  Drone x7  
  84  7:19  Hatchery  
  83  7:25  Hydralisk Den  
  81  7:31  Zergling x12  
  81  7:32  Zergling x4  
  89  7:50  Baneling x4  
  89  7:51  Baneling x5  
  89  7:54  Overlord x3  
  75  8:53  Zergling x18  
  75  8:54  Zergling x26  
  91  9:25  Extractor  
  91  9:27  Extractor  
  89  9:37  Hatchery  
  78  9:45  Hatchery  
  78  9:47  Queen  
  78  9:48  Extractor  
  78  9:50  Queen, Muscular Augments  
  78  9:51  Queen  
  70  10:05  Drone x7  
  77  10:07  Overlord x2  
  77  10:13  Zerg Ground Armor Level 1  
  77  10:14  Infestation Pit  
  76  10:39  Drone x2  
  78  10:44  Zergling x2  
  78  10:45  Zergling x12  
  85  11:00  Hydralisk x5  
  85  11:03  Queen  
  97  11:04  Queen  
  99  11:11  Evolution Chamber  
  99  11:14  Hydralisk x7  
  112  11:18  Baneling x3  
  112  11:19  Baneling x6  
  112  11:23  Zergling x12  
  118  11:26  Overlord x2  
  118  11:32  Lurker Den  
  118  11:53  Drone x3  
  118  11:54  Drone x3  
  124  11:55  Overlord x2  
  124  11:56  Overlord  
  124  12:04  Zerg Missile Weapons Level 1  
  124  12:06  Hive  
  124  12:09  Zerg Ground Armor Level 2  
  124  12:23  Hydralisk  
  124  12:24  Hydralisk x6  
  138  12:40  Zergling x2  
  138  12:41  Zergling x22  
  150  12:46  Overlord x3  
  149  12:57  Hydralisk  
  149  13:25  Zergling x2  
  149  13:26  Zergling x30  
  137  13:44  Overseer  
  137  13:51  Drone x3  
  137  13:52  Drone x5  
  145  13:56  Extractor  
  145  13:58  Extractor  
  143  14:09  Zerg Missile Weapons Level 2  
  143  14:13  Lurker x5  
  143  14:14  Lurker x3  
  151  14:19  Adrenal Glands  
  151  14:25  Baneling x4  
  151  14:26  Hydralisk, Baneling x6  
  151  14:27  Hydralisk x2  
  157  14:37  Ultralisk Cavern  
  144  14:59  Hydralisk x10  
  138  15:00  Hydralisk  
  138  15:06  Hatchery  
  150  15:08  Zergling x2  
  150  15:09  Zergling x12  
  157  15:26  Overlord x5  
  157  15:53  Ultralisk x5  
  157  15:54  Ultralisk  
  157  15:55  Zergling x2  
  157  15:56  Zergling x6  
  197  16:01  Extractor  
  197  16:03  Extractor  
  195  16:12  Lurker  
  195  16:13  Lurker  
  197  16:19  Queen  
  185  17:13  Hydralisk x5  
  185  17:14  Hydralisk x18  
  163  17:59  Drone  
  163  18:00  Ultralisk  
  163  18:01  Ultralisk x4  
  163  18:05  Lurker x2  
  196  18:08  Overlord x4  
  196  18:23  Chitinous Plating  
  196  18:26  Queen  
  198  18:47  Hatchery  
  187  19:02  Lurker x3  
  189  19:03  Lurker x7  
  189  19:04  Lurker x3  
  189  19:05  Hydralisk  
Show
View Real Time Build Order
Export as new Build Order

Fropez Protoss 

Build Orders: 1 Gate Expand 

Get SALT Encoding   

  12  0:00  Probe (Chrono Boost)  
  13  0:11  Probe (Chrono Boost)  
  14  0:24  Pylon  
  14  0:25  Probe (Chrono Boost)  
  15  0:42  Probe (Chrono Boost)  
  16  0:43  Gateway  
  16  0:50  Assimilator  
  16  0:52  Probe (Chrono Boost)  
  17  1:03  Probe (Chrono Boost)  
  18  1:13  Probe (Chrono Boost)  
  19  1:18  Assimilator  
  19  1:24  Probe (Chrono Boost)  
  20  1:35  Cybernetics Core  
  20  1:43  Nexus  
  20  1:50  Pylon  
  20  2:02  Probe (Chrono Boost)  
  21  2:10  Gateway  
  21  2:12  Warp Gate  
  21  2:14  Gateway  
  21  2:16  Adept  
  25  2:38  Mothership Core (Chrono Boost)  
  25  2:47  Stalker  
  27  2:58  Adept, Probe (Chrono Boost)  
  28  2:59  Pylon  
  30  3:05  Adept  
  30  3:08  Assimilator  
  30  3:10  Probe (Chrono Boost)  
  32  3:30  Probe (Chrono Boost)  
  32  3:32  Probe (Chrono Boost)  
  34  3:35  Adept x3  
  34  3:41  Probe (Chrono Boost)  
  41  3:49  Pylon  
  41  3:52  Probe (Chrono Boost)  
  43  3:55  Probe (Chrono Boost)  
  43  4:13  Robotics Facility  
  43  4:18  Pylon, Probe (Chrono Boost)  
  43  4:20  Probe (Chrono Boost)  
  45  4:29  Probe (Chrono Boost)  
  47  4:32  Probe (Chrono Boost)  
  47  4:36  Twilight Council  
  47  4:37  Gateway  
  47  4:40  Probe (Chrono Boost)  
  47  4:45  Stalker  
  50  4:48  Stalker  
  53  4:53  Probe (Chrono Boost)  
  53  5:13  Resonating Glaives  
  53  5:18  Probe (Chrono Boost)  
  53  5:20  Probe (Chrono Boost), Stalker x2  
  59  5:25  Assimilator  
  59  5:29  Probe (Chrono Boost), Assimilator  
  59  5:31  Stalker  
  59  5:32  Probe (Chrono Boost)  
  63  5:59  Adept x3  
  69  6:07  Pylon  
  69  6:13  Pylon  
  69  6:15  Probe (Chrono Boost)  
  70  6:19  Pylon  
  70  6:20  Pylon  
  70  6:21  Warp Prism  
  70  6:24  Pylon  
  70  6:25  Probe (Chrono Boost)  
  73  6:27  Probe (Chrono Boost)  
  73  6:32  Templar Archives  
  74  6:35  Pylon  
  74  6:37  Probe (Chrono Boost)  
  74  6:39  Probe (Chrono Boost), Stalker  
  78  6:48  Sentry x2  
  78  6:49  Probe (Chrono Boost)  
  78  6:52  Probe (Chrono Boost)  
  87  7:01  Probe (Chrono Boost)  
  87  7:02  Immortal  
  87  7:03  Adept  
  92  7:09  Adept, Probe (Chrono Boost)  
  92  7:12  Adept x2  
  92  7:13  Probe (Chrono Boost)  
  99  7:21  Probe (Chrono Boost)  
  100  7:25  Probe (Chrono Boost)  
  99  7:33  Probe (Chrono Boost)  
  100  7:48  Immortal  
  100  7:51  Adept  
  100  7:52  Adept x3  
  112  8:04  Probe x2 (Chrono Boost)  
  114  8:10  Nexus  
  114  8:16  Probe (Chrono Boost)  
  115  8:20  Pylon  
  115  8:22  Pylon  
  115  8:23  Adept  
  117  8:33  Immortal  
  117  8:35  Pylon  
  117  8:37  Pylon  
  97  8:51  Adept x4  
  98  8:56  Probe (Chrono Boost)  
  98  9:07  Probe (Chrono Boost)  
  98  9:08  Probe (Chrono Boost)  
  94  9:18  Forge  
  94  9:19  Forge, Stalker x2  
  94  9:20  Stalker  
  94  9:22  Forge  
  94  9:23  Stalker  
  102  9:26  Probe (Chrono Boost)  
  102  9:28  Probe x2 (Chrono Boost)  
  105  9:40  Gateway  
  105  9:44  Adept x2  
  105  9:45  Adept  
  105  9:55  Gateway  
  105  10:00  Photon Cannon  
  105  10:01  Photon Cannon  
  105  10:04  Assimilator, Probe x2 (Chrono Boost), Photon Cannon  
  105  10:05  Protoss Ground Weapons Level 1, Protoss Ground Armor Level 1  
  105  10:06  Stalker x4  
  115  10:07  Assimilator  
  115  10:08  Probe (Chrono Boost)  
  115  10:09  Observer  
  115  10:12  Protoss Shields Level 1  
  117  10:16  Probe (Chrono Boost)  
  121  10:43  Probe (Chrono Boost)  
  121  10:44  Probe x2 (Chrono Boost)  
  121  10:47  Sentry x5  
  131  11:00  Adept  
  133  11:29  Stalker x6  
  145  11:41  Pylon  
  145  11:48  Pylon  
  145  11:54  Stalker x3  
  151  12:02  High Templar x3  
  151  12:06  Protoss Ground Armor Level 2, Protoss Shields Level 2  
  157  12:19  Charge  
  157  12:22  Protoss Ground Weapons Level 2  
  157  12:30  Adept x3  
  157  12:36  Zealot x3  
  169  12:39  Probe x2 (Chrono Boost)  
  169  12:40  Nexus, Probe (Chrono Boost)  
  169  12:43  Assimilator  
  172  12:47  Assimilator  
  172  12:52  Gateway  
  172  12:53  Adept x3  
  172  12:54  Gateway  
  178  12:59  Gateway x2  
  178  13:02  Pylon  
  178  13:03  Photon Cannon  
  178  13:05  Adept  
  180  13:06  Photon Cannon  
  148  13:30  Adept x6  
  132  13:34  Gateway  
  132  13:39  Archon  
  126  13:43  Photon Cannon  
  126  13:46  Pylon  
  126  13:48  Photon Cannon  
  126  13:58  High Templar x4  
  126  13:59  High Templar x2  
  126  14:00  High Templar x3  
  126  14:01  High Templar  
  126  14:02  Archon x3  
  146  14:04  Archon x2  
  146  14:05  Protoss Ground Armor Level 3  
  146  14:18  Protoss Ground Weapons Level 3, Protoss Shields Level 3  
  146  14:42  Zealot x4  
  146  14:43  Zealot x4  
  146  14:44  Zealot  
  140  15:05  Zealot  
  116  15:09  Zealot  
  116  15:10  Zealot x7  
  116  15:11  Zealot x2  
  133  15:15  Observer  
  134  15:33  Observer  
  135  15:44  Pylon  
  135  15:48  Pylon, Stalker x7  
  135  15:49  Stalker x3  
  155  15:50  Nexus  
  155  15:52  Observer  
  155  15:54  Assimilator  
  156  15:59  Assimilator  
  156  16:04  Pylon  
  156  16:08  Stalker  
  157  16:17  Gateway  
  157  16:20  Gateway  
  157  16:22  Photon Cannon  
  157  16:23  Photon Cannon, Gateway  
  157  16:26  Gateway  
  157  16:28  Photon Cannon  
  157  16:31  Gateway  
  157  16:33  Gateway  
  157  16:38  Gateway  
  157  16:40  Zealot  
  157  16:46  High Templar x7  
  157  16:47  High Templar x3  
  172  16:48  Observer  
  177  16:54  Archon x3  
  177  16:55  Archon x2  
  177  17:07  Observer  
  87  17:26  Zealot x2  
  87  17:27  Zealot x5  
  87  17:28  Zealot x4  
  85  17:46  Probe (Chrono Boost)  
  87  17:54  High Templar  
  87  17:55  High Templar  
  88  18:00  Nexus  
  88  18:01  Pylon  
  88  18:04  Pylon  
  88  18:05  High Templar x6  
  96  18:07  Archon  
  96  18:09  Archon x3  
  100  18:49  High Templar x3  
  106  18:56  Zealot x3  
  106  18:57  Zealot x2  
  106  18:58  Archon  
  116  19:03  Zealot  
  116  19:14  Gateway  
  116  19:15  Gateway  
  116  19:19  High Templar x2  
  116  19:20  High Templar  
  116  19:23  Archon x2  
  118  19:41  Gateway  
  118  19:42  Photon Cannon  
  118  19:43  Photon Cannon  
  118  19:44  Gateway  
  118  19:56  Zealot x2  
  118  19:57  Zealot x3  
  100  20:07  Zealot x3  
  100  20:08  Zealot  
Tags
 
Add a new tag
Caveats
  • Supply blocks, unpowered buildings, or Contaminate may cause inaccurate times.
  • Supply counts are checked every 10 seconds.